[Event "ICC Open 2015"]
[Site "Internet Chess Club"]
[Date "2015.05.30"]
[Round "5"]
[White "sceptic"]
[Black "ROWLAND"]
[Result "0-1"]
[ICCResult "White forfeits on time"]
[WhiteElo "1583"]
[BlackElo "1727"]
[Opening "Philidor: exchange variation"]
[ECO "C41"]
[NIC "KP.08"]
[Time "14:49:45"]
[TimeControl "180+0"]

1. e4 e5 2. Nf3 d6 3. d4 exd4 4. Qxd4 Nf6 5. Nc3 Be7 6. Be3 O-O 7. h3 Nc6 8.
Qd2 Be6 9. Bb5 a6 10. Be2 b5 11. a3 Ne5 12. Rd1 Nxf3+ 13. Bxf3 Nd7 14. O-O
Ne5 15. Be2 Nc4 16. Bxc4 Bxc4 17. b3 Bxf1 18. Kxf1 Bf6 19. Nd5 Be5 20. f4
Bb2 21. a4 Rc8 22. c3 Ba3 23. b4 a5 24. Qa2 axb4 25. cxb4 c6 26. Qxa3 cxd5
27. Rxd5 bxa4 28. Qxa4 Rc3 29. Bd4 Rc1+ 30. Kf2 Qh4+ 31. Kf3 Rf1+ 32. Ke2
Qe1+ {White forfeits on time} 0-1

[Event "ICC Open 2015"]
[Site "Internet Chess Club"]
[Date "2015.05.30"]
[Round "5"]
[White "QuintilianoR"]
[Black "Bozhenka"]
[Result "0-1"]
[ICCResult "White forfeits on time"]
[WhiteElo "2513"]
[BlackElo "3077"]
[Opening "QGD: 4.Nf3"]
[ECO "D37"]
[NIC "QI.01"]
[Time "14:48:33"]
[TimeControl "180+0"]

1. d4 Nf6 2. c4 e6 3. Nf3 d5 4. Nc3 Nbd7 5. Bf4 dxc4 6. e3 Nd5 7. Bxc4 Nxf4
8. exf4 Nb6 9. Bb3 Bd6 10. g3 Bd7 11. O-O Bc6 12. Qe2 O-O 13. Rad1 Re8 14.
Ne4 Bxe4 15. Qxe4 c6 16. Rfe1 g6 17. h4 Nd7 18. Qe2 Nf6 19. a3 Qb6 20. Ba2
Rad8 21. Qc2 Bf8 22. b4 a5 23. bxa5 Qxa5 24. a4 Rd6 25. Ne5 Rxd4 26. Rxd4
Qxe1+ 27. Kg2 Nd5 28. Bxd5 exd5 29. Qb3 Bc5 30. Nf3 Qe7 31. Rd1 Qc7 32. Rc1
Bd6 33. Nd4 Qe7 34. Nf3 Qd7 35. Qc3 Re4 36. a5 Bxf4 37. gxf4 Qg4+ 38. Kh1
Rxf4 39. Nh2 Qxh4 40. Re1 Re4 41. Rb1 Qxf2 42. a6 Rh4 43. Qe5 f6 44. Qb8+
Kg7 45. Rxb7+ Kh6 46. Qf8+ Kg5 47. Qxf6+ Qxf6 48. Rf7 Rxh2+
{White forfeits on time}
0-1

[Event "ICC Open 2015"]
[Site "Internet Chess Club"]
[Date "2015.05.30"]
[Round "5"]
[White "Turlock"]
[Black "EbbeK"]
[Result "1-0"]
[ICCResult "Black forfeits on time"]
[WhiteElo "1817"]
[BlackElo "1507"]
[Opening "Queen's pawn: London system"]
[ECO "A45"]
[NIC "QP.07"]
[Time "14:48:49"]
[TimeControl "180+0"]

1. d4 Nf6 2. Bf4 d5 3. e3 g6 4. Nf3 Bg7 5. Be2 c5 6. c3 cxd4 7. exd4 Nc6 8.
O-O O-O 9. h3 Re8 10. Ne5 Nd7 11. Nd3 e5 12. dxe5 Ndxe5 13. Nd2 Bf5 14. Nf3
Qe7 15. Ndxe5 Bxe5 16. Bxe5 Nxe5 17. Qxd5 Qf6 18. Nxe5 Rxe5 19. Qxb7 Rae8
20. Bf3 R8e7 21. Qb4 Bxh3 22. c4 Rg5 23. Bd5 Ree5 24. Qb8+ Kg7 25. g3 Bxf1
26. Kxf1 Qf5 27. Re1 Qd3+ 28. Kg2 Rxe1 29. Qf4 {Black forfeits on time} 1-0

[Event "ICC Open 2015"]
[Site "Internet Chess Club"]
[Date "2015.05.30"]
[Round "5"]
[White "Mormegil"]
[Black "cap78red"]
[Result "1-0"]
[ICCResult "Black checkmated"]
[WhiteElo "1687"]
[BlackElo "1376"]
[Opening "Neo-Grünfeld, 6.O-O c6"]
[ECO "D78"]
[NIC "GI.02"]
[Time "14:49:47"]
[TimeControl "180+0"]

1. d4 Nf6 2. Nf3 g6 3. g3 Bg7 4. Bg2 d5 5. O-O O-O 6. c4 c6 7. Nbd2 Be6 8.
b3 dxc4 9. bxc4 Nbd7 10. Bb2 Nb6 11. Qc2 Bf5 12. e4 Nxc4 13. exf5 Nxb2 14.
Qxb2 Nd5 15. fxg6 fxg6 16. Qxb7 Rb8 17. Qxc6 Rb2 18. Qe6+ Kh8 19. Nc4 Rb5
20. Nce5 Qd6 21. Nf7+ Rxf7 22. Qxf7 h6 23. Rfe1 Nc3 24. Ne5 Bxe5 25. dxe5
Qd2 26. Qxg6 Ne2+ 27. Kh1 Rb2 28. Qe8+ Kh7 29. Be4+ Kg7 30. Qxe7+ Kg8 31.
Bh7+ Kh8 32. Qf7 Nxg3+ 33. hxg3 Qxf2 34. Qg8# {Black checkmated} 1-0

[Event "ICC Open 2015"]
[Site "Internet Chess Club"]
[Date "2015.05.30"]
[Round "5"]
[White "Kseroks"]
[Black "akibael"]
[Result "1-0"]
[ICCResult "Black resigns"]
[WhiteElo "2781"]
[BlackElo "2403"]
[Opening "Budapest: Fajarowicz variation"]
[ECO "A51"]
[NIC "QG.01"]
[Time "14:49:27"]
[TimeControl "180+0"]

1. d4 Nf6 2. c4 e5 3. dxe5 Ne4 4. Nd2 Nc5 5. Ngf3 Nc6 6. b3 Qe7 7. Bb2 d6 8.
e3 dxe5 9. Be2 Bf5 10. O-O O-O-O 11. a3 Nd3 12. Bc3 e4 13. Nd4 Nxd4 14. Bxd4
c5 15. Bc3 Qg5 16. b4 Bd6 17. Bxd3 exd3 18. bxc5 Bxc5 19. Qf3 Bg4 20. Qxf7
Rd7 21. Ne4 Rxf7 22. Nxg5 Rd7 23. Ne4 Be7 24. f3 Bf5 25. Nd2 Bc5 26. Kf2 Re8
27. Rfe1 Rde7 28. Nf1 Be6 29. Bd2 Bxc4 30. Rec1 b5 31. a4 a6 32. axb5 axb5
33. Ra5 Bb6 34. Rxb5 {Black resigns} 1-0

[Event "ICC Open 2015"]
[Site "Internet Chess Club"]
[Date "2015.05.30"]
[Round "5"]
[White "Dictator"]
[Black "legatus"]
[Result "0-1"]
[ICCResult "White resigns"]
[WhiteElo "2606"]
[BlackElo "2319"]
[Opening "Nimzo-Indian: Kmoch variation"]
[ECO "E20"]
[NIC "NI.30"]
[Time "14:49:11"]
[TimeControl "180+0"]

1. d4 Nf6 2. c4 e6 3. Nc3 Bb4 4. f3 d5 5. a3 Be7 6. e4 dxe4 7. fxe4 e5 8. d5
Bc5 9. Bg5 h6 10. Bh4 O-O 11. Qc2 Bg4 12. h3 Bh5 13. g4 Bg6 14. Bd3 Nbd7 15.
Nf3 c6 16. O-O-O Qe7 17. Kb1 Rfe8 18. Rhf1 Qf8 19. Bf2 a6 20. Rg1 Bxf2 21.
Qxf2 Nc5 22. Qe1 cxd5 23. cxd5 Nxd3 24. Rxd3 b5 25. g5 hxg5 26. Rxg5 b4 27.
axb4 Qxb4 28. Nd2 Rab8 29. Qc1 Rec8 30. Rxg6 fxg6 31. Qc2 Nh5 32. Nf3 Nf4
33. Re3 Qd6 34. Qa4 Rb4 35. Qa5 Rcb8 36. Nd1 R8b5 37. Qa3 a5 38. Qc3 Kh7 39.
Qxe5 Qxe5 40. Nxe5 a4 41. Nc6 Rb3 42. Rxb3 axb3 43. Nd4 Rb4 44. Nf3 Rxe4 45.
Kc1 Re2 46. d6 Rc2+ 47. Kb1 Nd3 {White resigns} 0-1

[Event "ICC Open 2015"]
[Site "Internet Chess Club"]
[Date "2015.05.30"]
[Round "5"]
[White "chesswooog"]
[Black "sakram07"]
[Result "1-0"]
[ICCResult "Black checkmated"]
[WhiteElo "2120"]
[BlackElo "1862"]
[Opening "French: advance, Paulsen attack"]
[ECO "C02"]
[NIC "FR.03"]
[Time "14:49:08"]
[TimeControl "180+0"]

1. e4 e6 2. d4 d5 3. e5 c5 4. c3 Nc6 5. Nf3 Qb6 6. a3 c4 7. Be2 Nge7 8. O-O
Bd7 9. Nbd2 Qc7 10. b3 Na5 11. bxc4 Nxc4 12. Nxc4 dxc4 13. a4 Nf5 14. Ba3
Bxa3 15. Rxa3 b5 16. axb5 Bxb5 17. Qb1 Qc6 18. g4 Ne7 19. Ng5 h6 20. Bf3 Nd5
21. Ne4 O-O 22. g5 hxg5 23. Nxg5 g6 24. Qe4 Kg7 25. Rfa1 a6 26. h4 Rh8 27.
h5 Rh6 28. Kf1 Qd7 29. Ke2 Qe7 30. Rg1 Rah8 31. Nxf7 Kxf7 32. Rxg6 Qxa3 33.
Qg4 Qb2+ 34. Kf1 Qc1+ 35. Kg2 Rxg6 36. Qxg6+ Kf8 37. Bxd5 exd5 38. e6 Qe1
39. Qf7# {Black checkmated} 1-0

[Event "ICC Open 2015"]
[Site "Internet Chess Club"]
[Date "2015.05.30"]
[Round "5"]
[White "Cinzento"]
[Black "JRussell2"]
[Result "1-0"]
[ICCResult "Black forfeits on time"]
[WhiteElo "1739"]
[BlackElo "1280"]
[Opening "Sicilian: dragon, Yugoslav attack, Rauser variation"]
[ECO "B76"]
[NIC "SI.17"]
[Time "14:49:40"]
[TimeControl "180+0"]

1. e4 c5 2. Nf3 d6 3. d4 cxd4 4. Nxd4 Nf6 5. Nc3 g6 6. Be3 Bg7 7. f3 O-O 8.
Qd2 Nc6 9. O-O-O Re8 10. h4 Qa5 11. Kb1 Nxd4 12. Bxd4 Be6 13. Bxf6 Bxf6 14.
Nd5 Qxd2 15. Nxf6+ exf6 16. Rxd2 Red8 17. Bb5 a6 18. Be2 f5 19. exf5 Bxf5
20. g4 Be6 21. Rhd1 d5 22. Bc4 Rd7 23. Bxd5 Rad8 24. c4 b5 25. b3 bxc4 26.
bxc4 Bxd5 27. Rxd5 Rxd5 28. Rxd5 Rb8+ 29. Kc2 Rb6 30. h5 Kg7 31. hxg6 hxg6
32. Ra5 Rc6 33. Kc3 Kf6 34. Kd4 Ke6 35. Re5+ Kf6 36. g5+ Kg7 37. Ra5 f6 38.
Kd5 Rb6 39. c5 {Black forfeits on time} 1-0

[Event "ICC Open 2015"]
[Site "Internet Chess Club"]
[Date "2015.05.30"]
[Round "5"]
[White "ziwenzhou"]
[Black "PerMag"]
[Result "1-0"]
[ICCResult "Black forfeits on time"]
[WhiteElo "2007"]
[BlackElo "1747"]
[Opening "QGD semi-Slav: Botvinnik system (anti-Meran)"]
[ECO "D15"]
[NIC "SL.03"]
[Time "14:48:54"]
[TimeControl "180+0"]

1. d4 d5 2. c4 c6 3. Nc3 Nf6 4. Nf3 dxc4 5. e4 e6 6. Bg5 Be7 7. Bxc4 O-O 8.
O-O Nbd7 9. Rc1 h6 10. Bh4 Re8 11. Bd3 Nf8 12. Bb1 Ng6 13. Bxf6 Bxf6 14. e5
Be7 15. Bxg6 fxg6 16. Qd3 Kh7 17. Qe4 Rf8 18. Ne2 Bd7 19. Nf4 Qe8 20. h4 Qf7
21. g3 Qf5 22. Qxf5 gxf5 23. h5 Be8 24. Kg2 Bf7 25. a3 Rfd8 26. b4 Bg5 27.
Rh1 Bxf4 28. gxf4 Rd7 29. Rcd1 Rad8 30. Rd2 a6 31. Kg3 Rd5 32. Kh4 a5 33.
Ra1 a4 34. Rc1 Be8 35. Rdc2 Bf7 36. Rc5 Be8 37. Rxd5 Rxd5 38. Rc5 Bd7 39.
Rxd5 cxd5 40. Ne1 Bb5 41. Ng2 g6 42. hxg6+ Kxg6 43. Kg3 Bc4 44. Nh4+ Kg7 45.
Nf3 b5 46. Nd2 Bd3 47. Kf3 h5 48. Ke3 Bc2 49. f3 h4 50. Kf2 Kh6 51. Kg2 Kh5
52. Kh3 Bd1 53. Kh2 Be2 54. Kh3 Bd1 55. Kg2 Be2 56. Kf2 Bd3 57. Ke3 Bc2 58.
Nf1 h3 59. Nh2 Kh4 60. Kf2 Bd3 61. Kg1 Be2 62. Kf2 Bd3 63. Kg1 Kg3 64. Ng4
Kxf3 65. Nf2 Kg3 66. Nxd3 h2+ 67. Kh1 Kf3 68. Nc5 Kxf4 69. Nxe6+ Ke4 70.
Kxh2 {Black forfeits on time} 1-0

[Event "ICC Open 2015"]
[Site "Internet Chess Club"]
[Date "2015.05.30"]
[Round "5"]
[White "lagarto300"]
[Black "JOHEL"]
[Result "1-0"]
[ICCResult "Black checkmated"]
[WhiteElo "1986"]
[BlackElo "1630"]
[Opening "Queen's Indian: Nimzovich variation (exaggerated fianchetto)"]
[ECO "E15"]
[NIC "QI.05"]
[Time "14:49:12"]
[TimeControl "180+0"]

1. d4 Nf6 2. c4 e6 3. Nf3 b6 4. g3 Ba6 5. Nbd2 d5 6. Bg2 Be7 7. Ne5 O-O 8.
Qa4 c5 9. e3 Bb7 10. O-O Qc7 11. cxd5 exd5 12. Qc2 Nc6 13. Nxc6 Bxc6 14. b3
Rac8 15. Bb2 Bb5 16. Rfc1 c4 17. bxc4 dxc4 18. Bc3 Bc6 19. e4 b5 20. a3 a5
21. d5 Bb7 22. Qb2 Qd7 23. Rab1 Ba6 24. Bxa5 Rfe8 25. Bc3 Bc5 26. h3 Rb8 27.
Bxf6 gxf6 28. Qxf6 Bxa3 29. Qxa6 Bxc1 30. Rxc1 Rec8 31. Qf6 c3 32. Nf3 b4
33. Ne5 Qe8 34. Qg5+ Kh8 35. Qf6+ Kg8 36. Ng4 b3 37. d6 b2 38. Nh6+ Kf8 39.
Qh8# {Black checkmated} 1-0

[Event "ICC Open 2015"]
[Site "Internet Chess Club"]
[Date "2015.05.30"]
[Round "5"]
[White "noyb"]
[Black "Schurick"]
[Result "0-1"]
[ICCResult "White resigns"]
[WhiteElo "1995"]
[BlackElo "2373"]
[Opening "Queen's pawn game"]
[ECO "A46"]
[NIC "QP.05"]
[Time "14:49:24"]
[TimeControl "180+0"]

1. d4 Nf6 2. Nf3 e6 3. Bf4 d5 4. e3 Bd6 5. Bg3 Ne4 6. Nbd2 f5 7. Bd3 O-O 8.
c3 Nd7 9. O-O g5 10. Bxd6 cxd6 11. c4 g4 12. Ne1 Rf6 13. cxd5 exd5 14. f3
Rh6 15. Qe2 Rxh2 16. fxe4 Qh4 17. g3 Qxg3+ 18. Ng2 dxe4 19. Bc4+ Kg7 20.
Rxf5 Nf6 21. Raf1 Bxf5 22. Rxf5 Rh6 23. Nf1 Qh3 24. Rg5+ Rg6 25. Rxg6+ hxg6
26. Nf4 Qf3 27. Ne6+ Kh8 28. Qh2+ Nh5 29. Qxd6 Qf6 30. Qd5 Re8 31. Ng5 Rf8
32. Nf7+ Kg7 33. Qe5 Rxf7 34. Bxf7 Qxe5 35. dxe5 Kxf7 36. Kg2 Ke6 37. Nd2
Kxe5 38. Nc4+ Kd5 39. Na5 b6 40. Nb3 a5 41. Nd4 Nf4+ 42. Kg3 Nd3 43. Kxg4
Nxb2 44. Kg5 Nc4 45. Kxg6 Nxe3 46. Nf5 Nxf5 47. Kxf5 e3 48. Kf4 e2 49. Kf3
e1=Q {White resigns} 0-1

[Event "ICC Open 2015"]
[Site "Internet Chess Club"]
[Date "2015.05.30"]
[Round "5"]
[White "Kjaan1974"]
[Black "jugador"]
[Result "0-1"]
[ICCResult "White forfeits on time"]
[WhiteElo "1411"]
[BlackElo "1687"]
[Opening "Caro-Kann defense"]
[ECO "B10"]
[NIC "CK.01"]
[Time "14:49:18"]
[TimeControl "180+0"]

1. e4 c6 2. Nf3 d5 3. exd5 cxd5 4. d4 Bf5 5. Nc3 e6 6. h3 Nd7 7. Be2 Ngf6 8.
O-O a6 9. a3 Bd6 10. Be3 O-O 11. Qd2 Rc8 12. g4 Bxg4 13. hxg4 Nxg4 14. Bf4
e5 15. dxe5 Bc5 16. Qxd5 Qe7 17. Ne4 Nb6 18. Qb3 Kh8 19. Nxc5 Qxc5 20. Nd2
Nd5 21. Bxg4 Nxf4 22. Qf3 Ne6 23. c3 Rcd8 24. Ne4 Qxe5 25. Rae1 Nf4 26. Ng3
Qg5 27. Re3 f5 28. Nxf5 Rxf5 29. Qg3 Rff8 30. Bh3 Nxh3+ 31. Kh2 Qxg3+ 32.
Rxg3 Nf4 33. Rfg1 g6 34. f3 Rd2+ 35. Kh1 Ne2 36. R3g2 Rxf3 37. Rxe2 Rxe2
{White forfeits on time}
0-1

[Event "ICC Open 2015"]
[Site "Internet Chess Club"]
[Date "2015.05.30"]
[Round "5"]
[White "MWeston"]
[Black "RaHrAhRaHeHs"]
[Result "0-1"]
[ICCResult "White checkmated"]
[WhiteElo "2664"]
[BlackElo "2361"]
[Opening "Sicilian: Alapin's variation (2.c3)"]
[ECO "B22"]
[NIC "SI.46"]
[Time "14:49:03"]
[TimeControl "180+0"]

1. e4 c5 2. c3 e6 3. d4 d5 4. exd5 exd5 5. Nf3 a6 6. Be3 c4 7. b3 cxb3 8.
axb3 Nf6 9. Bd3 Nc6 10. O-O Bd6 11. h3 O-O 12. Nbd2 Re8 13. Qb1 h6 14. b4 b5
15. Bxb5 Bb7 16. Bd3 Bc7 17. Re1 Qd6 18. Nb3 Ne4 19. Nc5 Bc8 20. Nxe4 dxe4
21. Bxe4 Bb7 22. g3 f5 23. Bxf5 Ne7 24. Bf4 Qb6 25. Re6 Qb5 26. Bh7+ Kh8 27.
Bxc7 Bxf3 28. Be4 Qe2 29. Bxf3 Qxe6 30. Bxa8 Rxa8 31. Qe1 Qf7 32. Be5 Re8
33. Rxa6 Ng6 34. Qe3 Ne7 35. Rxh6+ Kg8 36. Ra6 Nd5 37. Qd3 Rf8 38. Qd2 Qb7
39. Ra5 Qf7 40. Rxd5 Qxd5 41. h4 Ra8 42. Qe1 Qf3 43. Kh2 Ra2 44. Kg1 Re2 45.
Qf1 Rd2 46. Bf4 Rd1 47. Be3 Qe2 48. Qxd1 Qxd1+ 49. Kg2 Qd3 50. b5 Qxb5 51.
Kh2 Kf7 52. Kg2 Ke6 53. Kf3 Kd5 54. Kg2 Qd3 55. Kf3 Qxc3 56. Kg2 Qd3 57. Kf3
Qe4+ 58. Ke2 g6 59. Kd2 Qf3 60. Kd3 Qe4+ 61. Kd2 Qe6 62. Ke2 Kc4 63. Kf3 Kd3
64. Kg2 Qe4+ 65. Kh2 Ke2 66. Kh3 Kf3 67. Kh2 Qd3 68. g4 Qf1 69. g5 Qg2#
{White checkmated}
0-1

[Event "ICC Open 2015"]
[Site "Internet Chess Club"]
[Date "2015.05.30"]
[Round "5"]
[White "totus"]
[Black "DMDIS"]
[Result "1-0"]
[ICCResult "Black forfeits on time"]
[WhiteElo "2314"]
[BlackElo "1880"]
[Opening "Benko's opening"]
[ECO "A00"]
[NIC "VO.09"]
[Time "14:48:55"]
[TimeControl "180+0"]

1. g3 d5 2. Bg2 c6 3. Nf3 Bg4 4. O-O Nd7 5. d4 Ngf6 6. Nbd2 e6 7. Re1 Be7 8.
e4 dxe4 9. Nxe4 O-O 10. c3 Nxe4 11. Rxe4 Bf5 12. Re1 h6 13. Qb3 Qb6 14. Nd2
Rad8 15. Nc4 Qa6 16. Bf1 b5 17. Ne3 Be4 18. a4 Qb7 19. axb5 Rb8 20. Qa2 cxb5
21. Qxa7 Qc8 22. Bg2 Ra8 23. Qxa8 Bxa8 24. Rxa8 Qc7 25. Rxf8+ Bxf8 26. d5 e5
27. Nf5 Kh7 28. Rd1 g6 29. d6 Qb8 30. Ne7 Qd8 31. Nc6 Qf6 32. Ne7 Bxe7 33.
dxe7 Qxe7 34. Be3 Kg7 35. Bc6 Nf6 36. Bxb5 Qe6 37. Be2 Qb3 38. Rd2 h5 39. f3
e4 40. f4 Ng4 41. Bd4+ f6 42. Bxg4 hxg4 43. Kf2 Kf7 44. Be3 Ke6 45. Re2 Qd1
46. Bd4 Qh1 47. Ke3 Qf3+ 48. Kd2 Qd3+ 49. Ke1 Kd5 50. b4 f5 51. Kf2 Kc4 52.
b5 Kxb5 53. Rb2+ Kc6 54. Rb6+ Kd5 55. Rb2 Qf3+ 56. Ke1 e3 57. Ra2 Kc4 58.
Rb2 Kd3 59. Rg2 {Black forfeits on time} 1-0

[Event "ICC Open 2015"]
[Site "Internet Chess Club"]
[Date "2015.05.30"]
[Round "5"]
[White "livis"]
[Black "GulkovIgor"]
[Result "0-1"]
[ICCResult "White forfeits on time"]
[WhiteElo "1925"]
[BlackElo "2353"]
[Opening "Sicilian: Smith-Morra gambit"]
[ECO "B21"]
[NIC "SI.48"]
[Time "14:49:52"]
[TimeControl "180+0"]

1. e4 c5 2. d4 cxd4 3. Bd3 Nc6 4. f4 d6 5. Nf3 g6 6. a3 Bg7 7. O-O e5 8. b4
Nge7 9. b5 Nb8 10. fxe5 dxe5 11. a4 O-O 12. Nbd2 Be6 13. Ba3 f6 14. Qe2 Qd7
15. Nc4 Rc8 16. Ncd2 Qe8 17. Nb3 Nd7 18. a5 Bf8 19. h3 Kg7 20. Rf2 Ng8 21.
Bxf8+ Nxf8 22. Raf1 Bxb3 23. cxb3 Ne6 24. Bc4 Nf4 25. Qd2 Nh6 26. Kh2 Qd7
27. Ng1 Rf8 28. g3 Ne6 29. Nf3 Nf7 30. Nh4 Nfg5 31. Qe2 Nc5 32. g4 Ncxe4 33.
Rg2 Nc3 34. Qc2 Qd6 35. Kh1 e4 36. a6 Qe5 37. axb7 Rab8 38. Re1 Rxb7 39. Rf2
d3 40. Qd2 Nxh3 {White forfeits on time} 0-1

[Event "ICC Open 2015"]
[Site "Internet Chess Club"]
[Date "2015.05.30"]
[Round "5"]
[White "gmgattass"]
[Black "TasteOflover"]
[Result "0-1"]
[ICCResult "White resigns"]
[WhiteElo "2330"]
[BlackElo "2791"]
[Opening "Queen's pawn, Mason variation"]
[ECO "D00"]
[NIC "QP.08"]
[Time "14:49:18"]
[TimeControl "180+0"]

1. d4 d5 2. Bf4 Nf6 3. e3 c5 4. dxc5 Qa5+ 5. Nd2 Qxc5 6. c4 d4 7. exd4 Qxd4
8. Bxb8 Rxb8 9. Qb3 e6 10. Ngf3 Qc5 11. Be2 Be7 12. O-O O-O 13. Rac1 Bd7 14.
Rfd1 Rfd8 15. Nf1 Ng4 16. Ne3 Nxe3 17. Qxe3 Qxe3 18. fxe3 Bf6 19. b3 Kf8 20.
e4 Bc6 21. e5 Be7 22. Rxd8+ Bxd8 23. Nd4 Bd7 24. Kf2 Bc7 25. Nf3 Bc6 26. Rd1
Ke7 27. Kg3 Bxf3 28. Kxf3 Bxe5 29. g3 b6 30. Bd3 g6 31. h4 h5 32. Be2 Rc8
33. b4 Bd6 34. a3 a5 35. bxa5 bxa5 36. a4 Rc5 37. Rb1 Rf5+ 38. Kg2 Re5 39.
Kf3 Bc5 40. Rb3 Bb4 41. Rd3 Rc5 42. Rd1 f5 43. Rd3 Rc7 44. Rd1 Kf6 45. Rd8
e5 46. Rd5 Bc5 47. Bd1 Rc8 48. Ke2 Ke6 49. Bc2 Bb4 50. Rb5 Kf6 51. Bb3 e4
52. Rb6+ Ke5 53. Rxg6 Rd8 54. Rg5 Rd2+ 55. Kf1 e3 56. Rxh5 e2+ 57. Kf2 Rb2
{White resigns}
0-1

[Event "ICC Open 2015"]
[Site "Internet Chess Club"]
[Date "2015.05.30"]
[Round "5"]
[White "Snerk"]
[Black "chiprodigy"]
[Result "1/2-1/2"]
[ICCResult "Black ran out of time and White has no material to mate"]
[WhiteElo "1588"]
[BlackElo "1674"]
[Opening "Queen's pawn game"]
[ECO "A46"]
[NIC "QP.06"]
[Time "14:48:53"]
[TimeControl "180+0"]

1. d4 Nf6 2. Nf3 d6 3. g3 g6 4. Bg5 Bg7 5. Bxf6 Bxf6 6. Bg2 c5 7. c3 O-O 8.
e4 cxd4 9. cxd4 Nc6 10. O-O Qb6 11. e5 dxe5 12. dxe5 Nxe5 13. Nxe5 Bxe5 14.
Nc3 Be6 15. Qe2 Bxc3 16. bxc3 Rac8 17. Qe4 Rc7 18. Rfc1 Rfc8 19. Kh1 Qb2 20.
Qb1 Qxb1 21. Raxb1 b6 22. f4 Bf5 23. Rb3 Be6 24. Ra3 a5 25. Rb1 Rxc3 26.
Rxc3 Rxc3 27. Kg1 Bxa2 28. Rxb6 Rc1+ 29. Kf2 Rb1 30. Ra6 Rb5 31. Bc6 Rc5 32.
Ra8+ Kg7 33. Be4 Bb3 34. Ra7 Kf6 35. g4 a4 36. g5+ Ke6 37. Ra6+ Kd7 38. Ke3
Rc1 39. Kd2 Ra1 40. Bc2 Bxc2 41. Kxc2 Ra2+ 42. Kb1 Rxh2 43. Rxa4 Rh4 44. Kc2
e5 45. Kd2 exf4 46. Ke2 Rg4 47. Kf3 Rxg5 48. Rxf4 Rf5 49. Rxf5 gxf5 50. Kf4
Ke6 51. Kf3 Ke5 52. Ke3 f4+ 53. Kf3 Kf5 54. Kf2 Kg4 55. Kg2 f3+ 56. Kf2 Kf4
57. Kf1 Ke3 58. Kg1 f2+ 59. Kh2
{Black ran out of time and White has no material to mate}
1/2-1/2

[Event "ICC Open 2015"]
[Site "Internet Chess Club"]
[Date "2015.05.30"]
[Round "5"]
[White "VrloJakMK"]
[Black "PITCHUS"]
[Result "1-0"]
[ICCResult "Black resigns"]
[WhiteElo "2262"]
[BlackElo "1873"]
[Opening "QGD Slav/Grünfeld: Schlechter variation"]
[ECO "D15"]
[NIC "SL.03"]
[Time "14:49:17"]
[TimeControl "180+0"]

1. d4 c6 2. c4 d5 3. Nc3 Nf6 4. Nf3 g6 5. g3 Bg7 6. Bg2 O-O 7. O-O dxc4 8.
a4 a5 9. Ne5 Nbd7 10. Nxc4 Nb6 11. Ne3 Nfd5 12. Qb3 Be6 13. Ncxd5 cxd5 14.
Rd1 Nc4 15. Nxc4 dxc4 16. Qxb7 Rb8 17. Qa7 Qd7 18. Qxa5 Rfc8 19. Qd2 Rb3 20.
a5 c3 21. bxc3 Rbxc3 22. e3 Rc2 23. Qe1 Bc4 24. a6 Qa7 25. Bb7 Rc7 26. Bd2
e5 27. Ba5 Re7 28. dxe5 Bxe5 29. Rd8+ Kg7 30. Bb4 Rxb7 31. Bf8+ Kf6 32. axb7
Qxa1 33. Qxa1 Bxa1 34. b8=Q Be5 35. Qb6+ Kf5 36. Rd1 Be2 37. Re1 Bf3 38. h3
Bxg3 39. fxg3 Rg2+ 40. Kf1 Rxg3 41. Qc5+ Kf6 42. Qd6+ {Black resigns} 1-0

[Event "ICC Open 2015"]
[Site "Internet Chess Club"]
[Date "2015.05.30"]
[Round "5"]
[White "Danya"]
[Black "Kastor"]
[Result "1-0"]
[ICCResult "Black resigns"]
[WhiteElo "3085"]
[BlackElo "2901"]
[Opening "Sicilian: Canal-Sokolsky (Nimzovich-Rossolimo, Moscow) attack"]
[ECO "B51"]
[NIC "SI.01"]
[Time "14:49:25"]
[TimeControl "180+0"]

1. e4 c5 2. Nf3 d6 3. Bb5+ Nc6 4. O-O Bd7 5. Re1 Nf6 6. c3 a6 7. Bf1 Bg4 8.
h3 Bxf3 9. Qxf3 g6 10. d3 Bg7 11. Be3 Nd7 12. Nd2 O-O 13. Qd1 b5 14. Nf3 b4
15. Qa4 Qc7 16. d4 Rfb8 17. Rac1 bxc3 18. bxc3 Nb6 19. Qd1 Nd7 20. Bc4 Nb6
21. Bd3 Nd7 22. h4 Qa5 23. Qe2 Nf6 24. dxc5 dxc5 25. Bc4 e6 26. Nd2 Nd7 27.
Bb3 Qc7 28. g3 Na5 29. Bf4 Be5 30. Be3 Nb6 31. c4 Nd7 32. Red1 Nc6 33. Nf3
Bg7 34. Rd2 Nde5 35. Bxc5 Nxf3+ 36. Qxf3 Ne5 37. Qe3 Ng4 38. Bd6 Qxd6 39.
Rxd6 Nxe3 40. fxe3 Be5 41. Rd7 Bxg3 42. c5 Rc8 43. c6 Rc7 44. Kg2 Be5 45.
Rc5 Raa7 46. Rxe5 Rxd7 47. cxd7 Rxd7 48. Ra5 Rd6 49. Bc4 Rd2+ 50. Kg3 Rc2
51. Bxa6 Rc3 52. Kf3 Kg7 53. Bb7 Rc1 54. e5 Rf1+ 55. Ke2 Rg1 56. Ra4 Rb1 57.
Bf3 Rb2+ 58. Kd3 Rh2 59. Rb4 Rxa2 60. Be2 Ra3+ 61. Ke4 Ra1 62. Kf3 Rh1 63.
Kg3 Re1 64. Kf2 Rh1 65. Bf3 Rh2+ 66. Kg3 Rc2 67. h5 Rc5 68. hxg6 hxg6 69.
Kf4 g5+ 70. Ke4 Rxe5+ 71. Kxe5 {Black resigns} 1-0

[Event "ICC Open 2015"]
[Site "Internet Chess Club"]
[Date "2015.05.30"]
[Round "5"]
[White "reydelmambo"]
[Black "PajoPatak"]
[Result "1-0"]
[ICCResult "Black forfeits on time"]
[WhiteElo "1985"]
[BlackElo "1609"]
[Opening "King's Indian: orthodox, Aronin-Taimanov, 9.Ne1"]
[ECO "E98"]
[NIC "KI.03"]
[Time "14:49:03"]
[TimeControl "180+0"]

1. Nf3 Nf6 2. c4 g6 3. Nc3 Bg7 4. e4 d6 5. d4 O-O 6. Be2 Nc6 7. O-O e5 8. d5
Ne7 9. Ne1 Ne8 10. f3 f5 11. g4 Kh8 12. Be3 Nf6 13. h3 Rg8 14. Nd3 h5 15. g5
Nh7 16. h4 f4 17. Bd2 Bd7 18. Rf2 b6 19. b4 Rf8 20. c5 Nc8 21. Rc1 Nxg5 22.
hxg5 Qxg5+ 23. Rg2 Qh4 24. Qe1 Qf6 25. Kf2 Qh4+ 26. Kg1 Qf6 27. Nf2 g5 28.
c6 Be8 29. Nh3 Bh6 30. Kf2 g4 31. fxg4 f3 32. Bxh6 fxg2+ 33. Kxg2 Qxh6 34.
g5 Qg7 35. Qh4 Ne7 36. Rh1 Ng6 37. Qxh5+ Kg8 38. Qh6 Qxh6 39. gxh6 Kh7 40.
Ng5+ Kh8 41. Kg3 Nf4 42. Bg4 Rg8 43. h7 Rxg5 44. Kf3 Bg6 45. Nb5 Bxh7 46.
Nxc7 Rc8 47. Nb5 Nd3 48. Nxd6 Rf8+ 49. Bf5 Kg8 50. Ke3 Bxf5 51. Nxf5 Nxb4
52. c7 Nxd5+ 53. exd5 Rc8 54. d6 Rxf5 55. Ke4 Rxc7 56. dxc7 Rf8 57. Rd1 Rc8
58. Rd8+ Kf7 59. Rxc8 {Black forfeits on time} 1-0

[Event "ICC Open 2015"]
[Site "Internet Chess Club"]
[Date "2015.05.30"]
[Round "5"]
[White "ChessNakas"]
[Black "nitishdas"]
[Result "1-0"]
[ICCResult "Black checkmated"]
[WhiteElo "2105"]
[BlackElo "1787"]
[Opening "Scandinavian (center counter) defense"]
[ECO "B01"]
[NIC "VO.17"]
[Time "14:48:48"]
[TimeControl "180+0"]

1. e4 d5 2. exd5 c6 3. dxc6 Nxc6 4. Nc3 e5 5. Nf3 Bc5 6. Bb5 Nf6 7. Nxe5 O-O
8. Bxc6 bxc6 9. O-O Ba6 10. Re1 Qd4 11. Re3 Qf4 12. Qf3 Bxe3 13. Qxe3 Qxe3
14. fxe3 Rfe8 15. Nxc6 Bb7 16. Nd4 Re5 17. d3 Rg5 18. e4 Rg6 19. Nf5 Kf8 20.
b3 Rd8 21. Ba3+ Ke8 22. Re1 Bc8 23. Nh4 Rh6 24. Nf3 Bg4 25. Ne5 Be6 26. Nb5
Rc8 27. Nd6+ Kd8 28. Nxc8 Kxc8 29. h3 Nd7 30. Nxd7 Kxd7 31. Bf8 Rg6 32. Rf1
Bxh3 33. Rf2 Ke8 34. Bc5 f6 35. Bxa7 Be6 36. c4 h6 37. d4 h5 38. d5 Bd7 39.
c5 Kd8 40. c6 Be8 41. Bb6+ Kc8 42. a3 h4 43. a4 h3 44. a5 hxg2 45. Rxg2
Rxg2+ 46. Kxg2 Bg6 47. Kf3 Bh5+ 48. Kf4 Bd1 49. a6 Bxb3 50. a7 Bxd5 51.
a8=Q# {Black checkmated} 1-0